[Event "Titled Tuesday Blitz November 16 2021"]
[White "Spata, German"]
[Black "Babazada, Khazar"]
[WhiteFideId "113026"]
[BlackFideId "13413554"]
[WhiteElo "2238"]
[BlackElo "2302"]
[Result "1-0"]
[Round "02"]
[TimeControl "180+1"]
[Date "2021.11.16"]
[WhiteClock "0:00:12"]
[BlackClock "0:00:01"]

1. Nf3 d5 2. e3 Nf6 3. c4 e6 4. Nc3 Be7 5. b3 O-O 6. Bb2 c6 7. d4 Nbd7 8. Bd3 b6 9. O-O Bb7 10. e4 dxe4 11. Nxe4 Nxe4 12. Bxe4 Nf6 13. Bc2 c5 14. Qd3 Be4 15. Qe2 Bxc2 16. Qxc2 Qc7 17. Rad1 Rad8 18. h3 h6 19. Rd3 cxd4 20. Nxd4 Rd7 21. Rfd1 Rfd8 22. Nb5 Qb7 23. Qe2 a6 24. Nc3 Bb4 25. a3 Be7 26. Rxd7 Rxd7 27. Rxd7 Qxd7 28. Qd1 Qc6 29. Qd3 Nd7 30. Qe4 Qxe4 31. Nxe4 f5 32. Nd2 Bd6 33. Kf1 Kf7 34. Ke2 g5 35. b4 h5 36. Nb3 h4 37. Nd4 Ne5 38. Nf3 Nxc4 39. Nxg5+ Kg6 40. Bc1 e5 41. Nf3 Be7 42. Kd3 b5 43. Nd2 e4+ 44. Ke2 Ne5 45. Nb3 Nc4 46. Nd4 Kf6 47. Nc6 Bd6 48. Nd4 Be5 49. Nb3 Ke6 50. Nc5+ Kd5 51. Nxa6 Bd6 52. Nc5 Bxc5 53. bxc5 Kxc5 54. g3 hxg3 55. fxg3 Kd5 56. h4 Ke6 57. h5 Kf6 58. h6 Kg6 59. Kd1 Nd6 60. Kc2 Nf7 61. Kc3 Nxh6 62. Kb4 Ng4 63. Kxb5 e3 64. a4 e2 65. Bd2 Nf2 66. a5 Ne4 67. Be1 Nd6+ 68. Kc5 Nc8 69. Kd4 Kf6 70. Ke3 Ke5 71. Kxe2 Ke4 72. Bd2 Na7 73. a6 Nc6 74. Be3 f4 75. gxf4 1-0


[Site "https://www.chess.com"]

[Event "Titled Tuesday Blitz November 16 2021"]
[White "Svidler, Peter"]
[Black "Tatarinov, Dmitry"]
[WhiteFideId "4102142"]
[BlackFideId "24160067"]
[WhiteElo "2709"]
[BlackElo "2295"]
[Result "1-0"]
[Round "02"]
[TimeControl "180+1"]
[Date "2021.11.16"]
[WhiteClock "0:00:17"]
[BlackClock "0:00:13"]

1. e4 c6 2. d4 d5 3. e5 c5 4. dxc5 e6 5. a3 Bxc5 6. Qg4 Kf8 7. b4 Bb6 8. Nf3 Nc6 9. Bd3 h5 10. Qf4 Nh6 11. h3 Nf5 12. Nc3 Nce7 13. Nb5 Ng6 14. Qg5 Qxg5 15. Bxg5 Bd7 16. Bxf5 Bxb5 17. Bxg6 fxg6 18. Be3 Rc8 19. Bxb6 axb6 20. Nd4 Bd7 21. Kd2 Ke7 22. h4 Rc4 23. c3 Rf8 24. f3 Ra8 25. Rh3 Be8 26. Rg3 Ra7 27. Kc2 Ra8 28. Kb2 Rac8 29. Rc1 Ra8 30. Re1 Rac8 31. Re3 Ra8 32. Rg5 Ra7 33. g4 hxg4 34. fxg4 Rc8 35. h5 Rca8 36. Nc2 Rc8 37. Rf3 Rc4 38. Nd4 Rc8 39. hxg6 Rca8 40. Rh5 Rxa3 41. Rh7 Ra2+ 42. Kc1 Ra1+ 43. Kd2 R8a2+ 44. Ke3 Re1+ 45. Kf4 Re4+ 46. Kg5 Rxe5+ 47. Kf4 Re4+ 48. Kg3 Kd6 49. Rxg7 Ra1 50. Rg8 Rg1+ 51. Kf2 Rexg4 52. Rxe8 R1g2+ 53. Ke3 Re4+ 54. Kd3 Rxg6 55. Re3 Rxe3+ 56. Kxe3 Rg3+ 57. Kd2 e5 58. Nf5+ 1-0


[Site "https://www.chess.com"]

[Event "Titled Tuesday Blitz November 16 2021"]
[White "Tabatabaei, M. Amin"]
[Black "Gubajdullin, Alexei"]
[WhiteFideId "12521213"]
[BlackFideId "4141202"]
[WhiteElo "2555"]
[BlackElo "2268"]
[Result "1-0"]
[Round "02"]
[TimeControl "180+1"]
[Date "2021.11.16"]
[WhiteClock "0:01:50"]
[BlackClock "0:00:25"]

1. e4 d6 2. d4 g6 3. c4 Nf6 4. Nc3 Bg7 5. Nf3 O-O 6. Be2 Na6 7. Qc2 e5 8. d5 Nh5 9. Bg5 Qd7 10. g3 f5 11. Nh4 Bf6 12. Bh6 Bxh4 13. Bxf8 Bd8 14. Bh6 Nf6 15. f3 f4 16. gxf4 Nh5 17. fxe5 Bh4+ 18. Kd2 dxe5 19. Be3 Qe7 20. Rag1 Bh3 21. a3 Rf8 22. b4 Nf4 23. c5 Bg2 24. Bxf4 Bxh1 25. Bh6 Bxf3 26. Bxf8 Bg5+ 27. Kd1 Bxe2+ 28. Qxe2 Kxf8 29. Rf1+ Kg7 30. Qg4 Bf4 31. Ne2 Bxh2 32. Qe6 Qh4 33. Rf7+ Kh6 34. Qe7 1-0


[Site "https://www.chess.com"]

[Event "Titled Tuesday Blitz November 16 2021"]
[White "Taichman, Ori"]
[Black "Visakh N R"]
[WhiteFideId "2804069"]
[BlackFideId "25012223"]
[WhiteElo "2227"]
[BlackElo "2454"]
[Result "1-0"]
[Round "02"]
[TimeControl "180+1"]
[Date "2021.11.16"]
[WhiteClock "0:00:10"]
[BlackClock "0:00:55"]

1. e4 c5 2. b3 Nc6 3. Bb2 d6 4. f4 Nf6 5. Nc3 Bg4 6. Be2 Bxe2 7. Qxe2 e6 8. O-O-O Nd4 9. Qd3 g6 10. Nf3 Nxf3 11. Qxf3 Bg7 12. g4 O-O 13. h4 h5 14. gxh5 Nxh5 15. f5 b5 16. Rhg1 b4 17. Nd5 Qxh4 18. Rh1 Bxb2+ 19. Kxb2 Qg3 20. Ne7+ Kg7 21. f6+ Kh6 22. Qxg3 1-0


[Site "https://www.chess.com"]

[Event "Titled Tuesday Blitz November 16 2021"]
[White "Tari, Aryan"]
[Black "Aloma Vidal, Robert"]
[WhiteFideId "1510045"]
[BlackFideId "2260409"]
[WhiteElo "2656"]
[BlackElo "2435"]
[Result "1-0"]
[Round "02"]
[TimeControl "180+1"]
[Date "2021.11.16"]
[WhiteClock "0:00:03"]
[BlackClock "0:00:02"]

1. d4 d5 2. c3 Nf6 3. Nf3 Bf5 4. Bf4 e6 5. Qb3 b6 6. e3 Bd6 7. Ne5 O-O 8. h3 Bg6 9. Be2 Nfd7 10. Nxg6 hxg6 11. Bxd6 cxd6 12. Nd2 Nc6 13. Qa3 Qe7 14. e4 Nf6 15. e5 dxe5 16. Qxe7 Nxe7 17. dxe5 Nd7 18. f4 g5 19. Bb5 Rfd8 20. Bxd7 Rxd7 21. fxg5 d4 22. c4 d3 23. O-O Ng6 24. Rae1 Rc8 25. b4 Rd4 26. a3 a5 27. bxa5 bxa5 28. Re3 Rc5 29. Rfe1 a4 30. g3 Ne7 31. Re4 Rd7 32. Rb1 Nf5 33. Kf2 Kh7 34. g4 Nd4 35. Rb4 Nb3 36. Ke1 Kg6 37. h4 Na1 38. Rxa4 Rb7 39. Kf2 Rb2 40. Ke3 Rc7 41. Ra6 Nc2+ 42. Kxd3 Ra2 43. Kc3 Rd7 44. c5 Nxa3 45. c6 Rdxd2 46. Kb3 Rdb2+ 47. Kc3 Rc2+ 48. Kd4 Nb5+ 49. Kd3 Rxa6 50. Kxc2 Rxc6+ 51. Kd3 Nc7 52. Ra4 Nd5 53. Ra8 Rc7 54. Ke4 Rc4+ 55. Kf3 Rf4+ 56. Kg3 Re4 57. Rg8 Rxe5 58. Kf3 Re3+ 59. Kf2 Rc3 60. Rd8 Ne3 61. Rd4 Nd5 62. Ra4 f6 63. gxf6 gxf6 64. Ra8 Rc4 65. Kg3 Rc3+ 66. Kf2 f5 67. h5+ Kg5 68. Rg8+ Kf4 69. h6 Rc2+ 70. Kg1 1-0


[Site "https://www.chess.com"]

[Event "Titled Tuesday Blitz November 16 2021"]
[White "Tasev, Dejan"]
[Black "Sadhwani, Raunak"]
[WhiteFideId "936618"]
[BlackFideId "35093487"]
[WhiteElo "2253"]
[BlackElo "2517"]
[Result "0-1"]
[Round "02"]
[TimeControl "180+1"]
[Date "2021.11.16"]
[WhiteClock "0:00:47"]
[BlackClock "0:00:38"]

1. e4 e5 2. Nf3 Nc6 3. Bc4 Bc5 4. Nc3 Nf6 5. d3 O-O 6. h3 a6 7. Bb3 Re8 8. Be3 d6 9. Qd2 Bxe3 10. fxe3 Be6 11. O-O Bxb3 12. axb3 Ne7 13. Nh4 c6 14. Nf5 Nxf5 15. Rxf5 d5 16. exd5 cxd5 17. Raf1 Rc8 18. Qf2 d4 19. exd4 exd4 20. Ne4 Nxe4 21. dxe4 f6 22. Qg3 Rxc2 23. Rxf6 Rc1 24. Rxc1 Qxf6 25. Rc7 Rxe4 26. Rxb7 h5 27. Qd3 Re1+ 28. Kh2 Qf4+ 0-1


[Site "https://www.chess.com"]

[Event "Titled Tuesday Blitz November 16 2021"]
[White "Terry, Renato"]
[Black "Ghazarian, Kirk"]
[WhiteFideId "3803457"]
[BlackFideId "30908604"]
[WhiteElo "2577"]
[BlackElo "2003"]
[Result "1-0"]
[Round "02"]
[TimeControl "180+1"]
[Date "2021.11.16"]
[WhiteClock "0:00:07"]
[BlackClock "0:00:05"]

1. e4 c5 2. Nf3 e6 3. Nc3 Nc6 4. Bb5 Nge7 5. O-O g6 6. Bxc6 Nxc6 7. d4 cxd4 8. Nxd4 Bg7 9. Ndb5 O-O 10. Bf4 a6 11. Nd6 b5 12. Qd2 Na5 13. Rad1 Nc4 14. Nxc4 bxc4 15. Qd6 Ra7 16. Be5 f6 17. Bd4 Rb7 18. b3 Qa5 19. Na4 Re8 20. Bc3 Qc7 21. Qxc7 Rxc7 22. Ba5 Rc6 23. Rd2 Bh6 24. Rd4 cxb3 25. cxb3 d6 26. Rfd1 e5 27. Rxd6 Bb7 28. Rxc6 Bxc6 29. Nc3 Rc8 30. h3 Bf8 31. Kf1 Kf7 32. Rd8 Rxd8 33. Bxd8 Ke6 34. f3 Bb4 35. Ne2 Bb5 36. Bb6 Bd3 37. Kf2 Bb1 38. a4 Bc2 39. a5 Bxb3 40. Ke3 Bc4 41. Nc1 Bf1 42. Kf2 Bb5 43. Nb3 Bc4 44. Nc1 Bc3 45. Ne2 Bb2 46. h4 h5 47. Ke3 Ba3 48. g4 Bb4 49. gxh5 gxh5 50. Ng3 Be1 51. Nf5 Bb5 52. Ng7+ Kf7 53. Nf5 Bb4 54. Kf2 Bc3 55. Kg2 Kg6 56. Ne7+ Kg7 57. Nf5+ Kg6 58. Kg3 Kf7 59. Nd6+ Ke6 60. Nxb5 axb5 61. a6 Bd4 62. Bxd4 exd4 63. a7 1-0


[Site "https://www.chess.com"]

[Event "Titled Tuesday Blitz November 16 2021"]
[White "Thorhallsson, Simon"]
[Black "Sorokin, Aleksey"]
[WhiteFideId "2310090"]
[BlackFideId "24176460"]
[WhiteElo "2174"]
[BlackElo "2476"]
[Result "0-1"]
[Round "02"]
[TimeControl "180+1"]
[Date "2021.11.16"]
[WhiteClock "0:01:06"]
[BlackClock "0:00:48"]

1. e4 c5 2. Nf3 d6 3. d4 cxd4 4. Nxd4 Nf6 5. Nc3 a6 6. Be2 e5 7. Nb3 Be7 8. Bg5 Be6 9. Bxf6 Bxf6 10. Qd3 Be7 11. Nd5 Nd7 12. Nxe7 Kxe7 13. O-O-O Nf6 14. g4 h6 15. h4 Nxg4 16. Qg3 h5 17. f3 Nf6 18. Qxg7 Qc7 19. Qg5 a5 20. Kb1 Rhc8 21. Bd3 a4 22. Na1 a3 23. b3 Qc3 24. Qc1 Rg8 25. Be2 d5 26. Qd2 Qb2# 0-1


[Site "https://www.chess.com"]

[Event "Titled Tuesday Blitz November 16 2021"]
[White "Tologon tegin, Semetei"]
[Black "Nesterov, Arseniy"]
[WhiteFideId "13800574"]
[BlackFideId "24198455"]
[WhiteElo "2224"]
[BlackElo "2489"]
[Result "0-1"]
[Round "02"]
[TimeControl "180+1"]
[Date "2021.11.16"]
[WhiteClock "0:00:05"]
[BlackClock "0:00:09"]

1. e4 e5 2. Nf3 Nc6 3. Be2 Nf6 4. d3 d5 5. exd5 Nxd5 6. O-O Be7 7. Nc3 O-O 8. Re1 Re8 9. h3 h6 10. Bf1 Bf8 11. Bd2 Bf5 12. Nxd5 Qxd5 13. Bc3 Rad8 14. Nh4 Bh7 15. Qg4 a5 16. a3 Bc5 17. g3 f5 18. Qh5 Nd4 19. Bg2 Qd6 20. Rac1 b6 21. Rf1 Rf8 22. Kh2 f4 23. Nf3 Bg6 24. Qg4 h5 25. Qg5 Rf5 26. Qh4 Rdf8 27. Bxd4 exd4 28. g4 hxg4 29. hxg4 R5f6 30. Rh1 Bxd3 31. g5 Re6 32. cxd3 Re2 33. Kg1 Qg6 34. Re1 Rfe8 35. Rxe2 Rxe2 36. Qxf4 Rxb2 37. Ne5 Rb1+ 38. Bf1 Qe6 39. g6 Qf6 40. Qxf6 gxf6 41. Ng4 Kg7 42. Rh6 f5 43. Rh7+ Kxg6 44. Rxc7 fxg4 45. Kg2 Bxa3 46. Rc6+ Kg5 47. Be2 Bc5 48. f3 gxf3+ 49. Kxf3 Kf5 50. Rc8 Ke5 51. Kf2 a4 52. Bf3 a3 53. Ra8 Kf4 54. Be4 Rb2+ 55. Kg1 a2 56. Kh1 Rb1+ 57. Kg2 a1=Q 58. Rxa1 Rxa1 59. Kh3 Ke3 60. Kh4 Rd1 61. Kg4 Rxd3 62. Kf5 Rd2 0-1


[Site "https://www.chess.com"]

[Event "Titled Tuesday Blitz November 16 2021"]
[White "Willow, Jonah B"]
[Black "Glavina, Pablo"]
[WhiteFideId "438804"]
[BlackFideId "100234"]
[WhiteElo "2261"]
[BlackElo "2369"]
[Result "1-0"]
[Round "02"]
[TimeControl "180+1"]
[Date "2021.11.16"]
[WhiteClock "0:00:14"]
[BlackClock "0:00:02"]

1. e4 e5 2. Nf3 Nc6 3. Nc3 Nf6 4. Bb5 Bd6 5. d3 a6 6. Ba4 h6 7. a3 b5 8. Bb3 Bb7 9. Ne2 Qe7 10. Ng3 g6 11. O-O Bc5 12. c3 d6 13. d4 Bb6 14. Re1 Kf8 15. h3 Kg7 16. Be3 Na5 17. Bc2 Nc4 18. Bc1 c5 19. b3 Na5 20. d5 Rac8 21. Be3 Qd8 22. Rb1 Qc7 23. Qd2 Rcf8 24. Nh4 Bc8 25. Qe2 Bd7 26. Rf1 c4 27. b4 Nb7 28. Kh1 Nd8 29. f4 Bxe3 30. Qxe3 exf4 31. Qxf4 Nh7 32. Rbe1 f6 33. Ne2 Nf7 34. Nd4 Ne5 35. Qg3 Ng5 36. Rf2 Rf7 37. Ref1 Rhf8 38. Nhf3 Re8 39. h4 Nh7 40. Nh2 Qc8 41. h5 g5 42. Nhf3 Nxf3 43. gxf3 Kh8 44. Qxd6 g4 45. fxg4 Bxg4 46. Rxf6 Nxf6 47. Rxf6 Bd1 48. Rxh6+ Kg8 49. Rg6+ Kh8 50. Rh6+ Kg8 51. Qg3+ Rg7 52. Rg6 Rxg6 53. Qxg6+ Kh8 54. Nf5 Qd7 55. Bxd1 Rxe4 56. Qf6+ Kh7 57. Qg6+ Kh8 58. Bf3 Rf4 59. Qh6+ Kg8 60. Qxf4 Qg7 61. Nxg7 1-0


[Site "https://www.chess.com"]

[Event "Titled Tuesday Blitz November 16 2021"]
[White "Xiong, Jeffery"]
[Black "Alavi, Sayed Javad"]
[WhiteFideId "2047640"]
[BlackFideId "12500607"]
[WhiteElo "2699"]
[BlackElo "2495"]
[Result "1-0"]
[Round "02"]
[TimeControl "180+1"]
[Date "2021.11.16"]
[WhiteClock "0:02:07"]
[BlackClock "0:00:23"]

1. d4 Nf6 2. c4 e6 3. Nc3 d5 4. cxd5 Nxd5 5. e4 Nxc3 6. bxc3 c5 7. Rb1 Be7 8. Nf3 O-O 9. Bc4 cxd4 10. cxd4 Qc7 11. Qe2 b6 12. O-O Bb7 13. Bd3 Nd7 14. Bb2 Nf6 15. Rbc1 Qd8 16. d5 exd5 17. e5 Ne4 18. Rfd1 Nc5 19. Nd4 Nxd3 20. Qxd3 Qd7 21. Qg3 g6 22. e6 fxe6 23. Rc7 Qa4 24. Rf1 Ba6 25. Rxe7 Bxf1 26. Qe5 Rf7 27. Nf5 1-0


[Site "https://www.chess.com"]

[Event "Titled Tuesday Blitz November 16 2021"]
[White "Zherebukh, Yaroslav"]
[Black "Budrewicz, Krzysztof"]
[WhiteFideId "14116804"]
[BlackFideId "1127950"]
[WhiteElo "2520"]
[BlackElo "2242"]
[Result "1/2-1/2"]
[Round "02"]
[TimeControl "180+1"]
[Date "2021.11.16"]
[WhiteClock "0:00:07"]
[BlackClock "0:00:06"]

1. e4 g6 2. d4 Bg7 3. Nc3 d6 4. Be3 Nf6 5. f3 O-O 6. Qd2 e5 7. d5 c6 8. dxc6 Nxc6 9. O-O-O Be6 10. Kb1 Qa5 11. Nd5 Qxd2 12. Nxf6+ Bxf6 13. Rxd2 Rfd8 14. c4 a6 15. b3 Rab8 16. Ne2 b5 17. cxb5 axb5 18. Nc3 b4 19. Nd5 Bxd5 20. Rxd5 Nd4 21. Bc4 Kg7 22. Rc1 Kf8 23. Ra5 Ra8 24. Rxa8 Rxa8 25. Bd2 Rb8 26. Bd5 Bd8 27. Rc4 Ba5 28. Kb2 Ke7 29. Bg5+ f6 30. Be3 Nb5 31. Bd2 Nd4 32. Be1 Kd7 33. Bf2 Nb5 34. Bc6+ Ke6 35. Bxb5 Rxb5 36. Rc6 h5 37. Kc2 g5 38. Kd3 Bd8 39. Ra6 f5 40. exf5+ Kxf5 41. Rxd6 Be7 42. Rd7 Ke6 43. Ra7 Rd5+ 44. Ke2 Bd6 45. Ra6 Kd7 46. Be3 g4 47. fxg4 hxg4 48. h4 gxh3 49. gxh3 e4 50. Ra7+ Ke6 51. h4 Rd3 52. Rh7 Kf5 53. Rh5+ Ke6 54. Rg5 Be7 55. Rg6+ Kf5 56. h5 Rd8 57. Rg7 Bf6 58. Rb7 Bc3 59. Rb5+ Kg4 60. h6 Rf8 61. Rg5+ Kh4 62. Rg6 Rf5 63. Re6 Kg3 64. Rxe4 Rh5 65. Kd3 Rh2 66. Bd4 Rd2+ 67. Kc4 Rc2 68. Bxc3 bxc3 69. Kd3 Rxa2 70. h7 Rh2 71. Kxc3 Rxh7 72. b4 Kf3 73. Re8 Rc7+ 74. Kb3 Kf4 75. b5 Kf5 76. Kb4 Kf6 77. b6 Rc1 78. Kb5 Kf7 79. Re2 Rb1+ 80. Kc6 Rc1+ 81. Kb7 Rb1 82. Kc7 Rc1+ 83. Kb8 Rb1 84. b7 Rc1 85. Re4 Rc2 86. Ka7 Rc4 87. Kb6 Rxe4 88. Kc5 Re8 89. Kc6 Ke7 90. Kc7 Ke6 91. b8=Q Rxb8 92. Kxb8 1/2-1/2


[Site "https://www.chess.com"]

[Event "Titled Tuesday Blitz November 16 2021"]
[White "Zierk, Steven"]
[Black "Manukyan, Artyom"]
[WhiteFideId "2034255"]
[BlackFideId "13305786"]
[WhiteElo "2494"]
[BlackElo "2034"]
[Result "1-0"]
[Round "02"]
[TimeControl "180+1"]
[Date "2021.11.16"]
[WhiteClock "0:00:21"]
[BlackClock "0:00:06"]

1. b3 d5 2. Bb2 Bf5 3. d3 e6 4. Nd2 h6 5. g3 Nf6 6. Bg2 c6 7. Ngf3 Be7 8. O-O O-O 9. Re1 Bh7 10. e4 a5 11. a3 a4 12. b4 Nbd7 13. c4 Qc7 14. Rc1 dxc4 15. dxc4 c5 16. b5 Rfd8 17. e5 Ne8 18. Qe2 Nf8 19. Ne4 Rd7 20. Red1 Rad8 21. Rxd7 Qxd7 22. Ne1 b6 23. h4 Bf5 24. h5 Bxe4 25. Bxe4 Qd2 26. Qxd2 Rxd2 27. Rc2 Rd1 28. Kf1 f6 29. Ke2 Rd8 30. Rd2 fxe5 31. Bc6 Nd6 32. Rc2 e4 33. Ng2 Nd7 34. Nf4 Kf7 35. Ng6 Bf6 36. Rd2 Nxc4 37. Bxf6 gxf6 38. Rxd7+ Rxd7 39. Bxd7 Nxa3 40. Nf4 e5 41. Nd5 Nc4 42. Nc7 Ke7 43. Be6 Nd6 44. Ba2 Kd7 45. Nd5 Nxb5 46. Nxb6+ Kc6 47. Nxa4 f5 48. Bg8 Nd4+ 49. Ke3 Kb5 50. Nc3+ Kb4 51. Nd5+ Kb5 52. g4 fxg4 53. Kxe4 c4 54. Kxe5 Nf3+ 55. Kf4 Kc5 56. Kxg4 Ne5+ 57. Kf5 Nd3 58. Kg6 Nxf2 59. Kxh6 Kd4 60. Kg5 Ne4+ 61. Kg6 c3 62. Nb4 Ke5 63. h6 Nf6 64. Nd3+ Kd4 65. Kxf6 Kxd3 66. Bb3 Kd2 67. h7 Kc1 68. h8=Q Kb2 69. Ba4 Ka3 70. Bc2 Kb2 71. Qh2 1-0


[Site "https://www.chess.com"]

[Event "Titled Tuesday Blitz November 16 2021"]
[White "Ahmadzada, Ahmad"]
[Black "FGHSMN"]
[WhiteFideId "13413007"]
[WhiteElo "2226"]
[BlackElo "2654"]
[Result "0-1"]
[Round "03"]
[TimeControl "180+1"]
[Date "2021.11.16"]
[WhiteClock "0:00:02"]
[BlackClock "0:00:18"]

1. e4 e6 2. d4 d5 3. exd5 exd5 4. Bd3 Nf6 5. Nf3 c5 6. O-O c4 7. Be2 Be7 8. b3 cxb3 9. axb3 O-O 10. c3 Nc6 11. Bf4 Bf5 12. Nbd2 Re8 13. b4 Bd6 14. Bg5 h6 15. Bh4 a6 16. Nb3 g5 17. Bg3 Ne4 18. Rc1 a5 19. Bxd6 Qxd6 20. bxa5 Nxa5 21. Nxa5 Rxa5 22. Ne5 f6 23. Bg4 Bh7 24. Bh5 Rc8 25. Nf7 Qf8 26. Qb3 Nd2 27. Qxb7 Nxf1 28. Nxh6+ Kh8 29. Nf7+ Kg8 30. Rxf1 Rca8 31. h3 R8a7 32. Qc6 Rxf7 33. Bxf7+ Qxf7 34. Rb1 Ra7 35. Rb8+ Kg7 36. Qd6 Rd7 37. Qg3 Rb7 38. Rd8 Qc7 39. Qxc7+ Rxc7 40. Rxd5 Rxc3 41. f3 Rc2 42. Rc5 Rd2 43. Rc7+ Kh6 44. Rd7 Bf5 45. Rd6 Kg6 46. Rd8 Be6 47. Rd6 Ba2 48. Rd8 Kf5 49. Rd6 Bc4 50. Rd8 Kf4 51. Rf8 Kg3 0-1


[Site "https://www.chess.com"]

[Event "Titled Tuesday Blitz November 16 2021"]
[White "Bologan, Victor"]
[Black "Tabatabaei, M. Amin"]
[WhiteFideId "13900048"]
[BlackFideId "12521213"]
[WhiteElo "2472"]
[BlackElo "2555"]
[Result "1-0"]
[Round "03"]
[TimeControl "180+1"]
[Date "2021.11.16"]
[WhiteClock "0:00:28"]
[BlackClock "0:00:16"]

1. e4 c5 2. Nf3 Nc6 3. Bb5 g6 4. Bxc6 bxc6 5. O-O Bg7 6. Re1 Qc7 7. c3 Nf6 8. e5 Nd5 9. d4 cxd4 10. Qxd4 Bb7 11. Nbd2 f5 12. exf6 Bxf6 13. Qg4 O-O 14. Ne4 Bg7 15. Qh4 Rf5 16. Ng3 Rxf3 17. gxf3 Rf8 18. c4 Nf4 19. Bxf4 Rxf4 20. Qxe7 c5 21. Rad1 Bc6 22. Qxc5 h5 23. Re8+ Kh7 24. Re7 Qd8 25. Qe5 Qf8 26. Rxg7+ Qxg7 27. Qxf4 Qxb2 28. Ne4 Qe2 29. Qf7+ Kh6 30. Qf8+ 1-0


[Site "https://www.chess.com"]

[Event "Titled Tuesday Blitz November 16 2021"]
[White "De Silva, L M S T"]
[Black "Zierk, Steven"]
[WhiteFideId "9953698"]
[BlackFideId "2034255"]
[WhiteElo "1621"]
[BlackElo "2494"]
[Result "0-1"]
[Round "03"]
[TimeControl "180+1"]
[Date "2021.11.16"]
[WhiteClock "0:00:24"]
[BlackClock "0:00:19"]

1. e4 e6 2. d4 d5 3. Nc3 Bb4 4. e5 c5 5. a3 Bxc3+ 6. bxc3 Qa5 7. Bd2 Qa4 8. h4 b6 9. h5 h6 10. Rh4 Ne7 11. Rg4 cxd4 12. cxd4 Ba6 13. Nf3 Nf5 14. Rf4 Nc6 15. g4 Nfe7 16. c3 Qxd1+ 17. Rxd1 Bxf1 18. Kxf1 Na5 19. a4 Rc8 20. Ke2 Rc4 21. Ra1 Nec6 22. Ne1 Nb3 23. Ra3 Nxd2 24. Kxd2 Nxe5 25. Nc2 Nc6 26. Ne3 Na5 27. Kd3 Rc7 28. Rf3 O-O 29. Rg3 Rfc8 30. f4 Nc4 31. Nxc4 Rxc4 32. Kd2 Kf8 33. g5 Ke7 34. Re3 Rh8 35. Rh3 f6 36. g6 Kd6 37. Re3 Re8 38. a5 b5 39. a6 b4 40. Rb3 bxc3+ 41. Kc2 Rxd4 42. Rb7 Re7 43. f5 e5 44. Rxc3 Rxb7 45. axb7 Rb4 46. Rb3 Rxb3 47. Kxb3 Kc7 48. Kb4 d4 49. Kc5 d3 50. Kb5 d2 51. Ka6 d1=Q 52. Ka5 Kxb7 53. Kb5 e4 54. Kc5 e3 0-1


[Site "https://www.chess.com"]

[Event "Titled Tuesday Blitz November 16 2021"]
[White "Djokic, Mihailo"]
[Black "Willow, Jonah B"]
[WhiteFideId "976440"]
[BlackFideId "438804"]
[WhiteElo "2008"]
[BlackElo "2261"]
[Result "1-0"]
[Round "03"]
[TimeControl "180+1"]
[Date "2021.11.16"]
[WhiteClock "0:00:56"]
[BlackClock "0:00:12"]

1. e4 c5 2. Nf3 Nc6 3. d4 cxd4 4. Nxd4 g6 5. Nc3 Bg7 6. Be3 Nf6 7. Bc4 O-O 8. Bb3 d6 9. h3 Bd7 10. O-O a6 11. f4 Nxd4 12. Bxd4 Bc6 13. Qd3 Qa5 14. Rae1 Rfd8 15. f5 Rac8 16. Qe3 Rf8 17. g4 Nd7 18. Bxg7 Kxg7 19. g5 Qc5 20. f6+ exf6 21. Qxc5 dxc5 22. gxf6+ Nxf6 23. e5 Nh5 24. e6 b5 25. e7 Rfe8 26. Bxf7 Rh8 27. Be6 Rce8 28. Rf7+ Kh6 29. Nd5 Bxd5 30. Bxd5 Ng7 31. Bc6 Rc8 32. Bd7 Rb8 33. Rxg7 Kxg7 34. e8=Q Rhxe8 35. Rxe8 Rb6 36. Re6 Rb7 37. Bc8 Rc7 38. Bxa6 b4 39. Bc4 Kh6 40. a4 bxa3 41. bxa3 Ra7 42. Re3 Kg5 43. Bb5 Kf4 44. Rc3 Ke4 45. a4 Kd4 46. Rc4+ Kd5 47. Rh4 h5 48. Kf2 Rf7+ 49. Ke2 Ke5 50. Rc4 Kd5 51. Rc3 Ra7 52. Rg3 Rg7 53. Rg5+ Kd4 54. Kd2 c4 55. c3+ Ke4 56. Bxc4 Kf4 57. h4 Rd7+ 58. Bd3 1-0


[Site "https://www.chess.com"]

[Event "Titled Tuesday Blitz November 16 2021"]
[White "Drygalov, Andrey"]
[Black "Golubka, Petro"]
[WhiteFideId "24171735"]
[BlackFideId "14114224"]
[WhiteElo "2540"]
[BlackElo "2392"]
[Result "1-0"]
[Round "03"]
[TimeControl "180+1"]
[Date "2021.11.16"]
[WhiteClock "0:01:31"]
[BlackClock "0:01:26"]

1. e4 e5 2. Nf3 Nf6 3. Nxe5 d6 4. Nf3 Nxe4 5. d4 Be7 6. Bd3 d5 7. O-O O-O 8. c4 c6 9. Nc3 Bf5 10. Qc2 Na6 11. a3 Re8 12. Nxe4 dxe4 13. Bxe4 Bxe4 14. Qxe4 Bxa3 15. Qg4 Be7 16. Bd2 Bf6 17. Bc3 Nc7 18. h3 b6 19. Rad1 a5 20. Ne5 Qd6 21. Qf3 Re6 22. Nxc6 Rae8 23. d5 Re4 24. Bxf6 gxf6 25. Nd4 Qc5 26. Nf5 Kh8 27. Ng3 Rxc4 28. Qxf6+ Kg8 29. Nf5 Qf8 30. Nh6+ 1-0


[Site "https://www.chess.com"]

[Event "Titled Tuesday Blitz November 16 2021"]
[White "Durarbayli, Vasif"]
[Black "Dronavalli, Harika"]
[WhiteFideId "13402935"]
[BlackFideId "5015197"]
[WhiteElo "2522"]
[BlackElo "2422"]
[Result "1-0"]
[Round "03"]
[TimeControl "180+1"]
[Date "2021.11.16"]
[WhiteClock "0:00:39"]
[BlackClock "0:01:00"]

1. e4 e6 2. d4 d5 3. e5 c5 4. c3 Nc6 5. Nf3 Qb6 6. Be2 Nge7 7. dxc5 Qxc5 8. b4 Qb6 9. b5 Na5 10. O-O Bd7 11. Be3 Qc7 12. Nbd2 Nf5 13. Bd4 Be7 14. Bd3 Nxd4 15. cxd4 Nc4 16. Bxc4 dxc4 17. a4 a6 18. Qc2 axb5 19. axb5 O-O 20. Rab1 Rfc8 21. Ne4 h6 22. Rfc1 b6 23. h3 Ra5 24. Nc3 Ba3 25. Re1 Bf8 26. Nd2 Qa7 27. Nde4 Ra3 28. Kh2 Qa8 29. Re3 Ra1 30. Rg3 Rxb1 31. Nf6+ Kh8 32. Qh7# 1-0


[Site "https://www.chess.com"]

[Event "Titled Tuesday Blitz November 16 2021"]
[White "Dzhaparov, Medet"]
[Black "Bernadskiy, Vitaliy"]
[WhiteFideId "13803689"]
[BlackFideId "14100371"]
[WhiteElo "1702"]
[BlackElo "2510"]
[Result "1/2-1/2"]
[Round "03"]
[TimeControl "180+1"]
[Date "2021.11.16"]
[WhiteClock "0:00:10"]
[BlackClock "0:01:41"]

1. d4 Nf6 2. c4 g6 3. Nf3 Bg7 4. g3 O-O 5. Bg2 d6 6. O-O Nbd7 7. Nc3 e5 8. e4 b6 9. h3 exd4 10. Nxd4 Bb7 11. Be3 Re8 12. Qc2 Nc5 13. f3 Nh5 14. Nde2 f5 15. g4 Nf6 16. Bxc5 dxc5 17. exf5 gxf5 18. Qxf5 Qd2 19. Ng3 Qxb2 20. Nce4 Nxe4 21. Nxe4 Qd4+ 22. Kh1 Qe5 23. Rad1 Qxf5 24. gxf5 Bd4 25. Rfe1 Rf8 26. f6 Bxe4 27. fxe4 Rxf6 28. e5 Rff8 29. Bd5+ Kg7 30. Bxa8 Rxa8 31. e6 Re8 32. Re4 Kf6 33. Rf1+ Ke7 34. Rf7+ Kd6 35. Rd7+ Kc6 36. Rxh7 a6 37. a4 b5 38. axb5+ axb5 39. cxb5+ Kd5 40. Re1 c4 41. Rxc7 c3 42. b6 Bxb6 43. Rxc3 Ba5 44. Rd3+ Kc4 45. Ree3 Bb6 46. Rc3+ Kd4 47. Red3+ Ke4 48. Rd6 Be3 49. Rc4+ Kf3 50. Rc3 Rh8 51. Rxe3+ Kxe3 52. Kg2 Rg8+ 53. Kh2 Ke4 54. Rd1 Re8 55. Re1+ Kf5 56. e7 Kf6 57. Kg3 Rxe7 58. Rf1+ Kg5 59. h4+ Kg6 60. Rf4 Re1 61. Kf3 Rf1+ 62. Kg4 Rxf4+ 63. Kxf4 Kh5 64. Kg3 Kh6 65. Kg4 Kh7 66. h5 Kh8 67. Kg5 Kg8 68. h6 Kh8 69. Kh5 Kg8 70. Kg6 Kh8 71. h7 1/2-1/2


[Site "https://www.chess.com"]